 Dungeon Crawl Stone Soup version 0.14-a0-1036-g6cac21b (webtiles) character file.

120 MackTheKnife the Sneak (level 3, -1/18 HPs)
             Began as a Felid Berserker on Nov 24, 2013.
             Was a Believer of Trog.
             Slain by a gnoll
             ... wielding a +0,+0 spear
              (4 damage)
             ... on Level 2 of the Dungeon.
             The game lasted 00:03:30 (1256 turns).

MackTheKnife the Sneak (Felid Berserker)            Turns: 1256, Time: 00:03:30

HP  -1/18        AC  1     Str 13      XL: 3   Next: 71%
MP   4/4         EV 23     Int  8      God: Trog [**....]
Gold 64          SH  0     Dex 16      Spells:  0 memorised,  2 levels left
Lives: 0, deaths: 0

Res.Fire  : . . .   See Invis. : +     - Unarmed
Res.Cold  : . . .   Warding    : .   (armour unavailable)
Life Prot.: . . .   Conserve   : .   (shield unavailable)
Res.Poison: .       Res.Corr.  : .   (helmet unavailable)
Res.Elec. : .       Clarity    : .   (cloak unavailable)
Sust.Abil.: . .     Spirit.Shd : .   (gloves unavailable)
Res.Mut.  : .       Stasis     : .   (boots unavailable)
Res.Rott. : .       Flight     : .   (no amulet)
Saprovore : . . .                    (no ring)
                                     i - +4 ring of evasion

@: quick, slightly resistant to hostile enchantments, quite stealthy
A: paw claws, no armour, no advanced items, fangs 3, see invisible, carnivore 3,
speed 1, shaggy fur 1, slow metabolism 1, jump 1
a: Jump Attack, Burn Spellbooks, Berserk, Trog's Hand, Renounce Religion


You were on level 2 of the Dungeon.
You worshipped Trog.
Trog was pleased with you.
You were not hungry.

You visited 1 branch of the dungeon, and saw 2 of its levels.

You collected 64 gold pieces.


Innate Abilities, Weirdness & Mutations

You cannot wear armour.
You are incapable of any advanced item manipulation.
Your paws have sharp claws.
You have razor-sharp teeth.
You have supernaturally acute eyesight.
You are carnivorous and can eat meat at any time.
You cover ground quickly.
You are covered in fur (AC +1).
You have a slow metabolism.
You can jump attack at a short distance.


   Skills:
 - Level 3.0 Fighting
 - Level 4.0 Dodging
 + Level 4.2 Stealth
 - Level 3.5 Unarmed Combat


You had 2 spell levels left.
You didn't know any spells.

Inventory:

Hand weapons
 l - a +1,+1 vampiric dagger
Comestibles
 c - a meat ration
Scrolls
 b - a scroll of identify
 e - 3 scrolls of curse armour {unknown}
 f - a scroll of enchant armour {unknown}
 g - a scroll of recharging {unknown}
 h - 3 scrolls of remove curse {unknown}
 j - a scroll of teleportation {unknown}
 m - a scroll of fear {unknown}
Jewellery
 i - a +4 ring of evasion (left paw)
Potions
 a - a potion of beneficial mutation {unknown}
 d - a potion of cure mutation {unknown}
 k - a potion of curing {unknown}
 n - 2 potions of brilliance {unknown}

▒·=·····▒ ▒▒▒▒▒▒
▒·····(·▒ ▒<···▒
▒·······+ ▒····▒
▒·······▒ ▒····▒ ▒▒
▒·······▒ ▒····▒▒▒·
▒····)··▒ ▒····▒···
▒·······▒ +····'·▒▒
▒▒▒▒▒▒%▒▒ ▒····▒▒▒
▒g·h)▒ ▒····▒ ▒·▒▒▒▒
▒▒▒+▒▒ ▒▒▒'▒▒▒▒▒▒ ··
▒········▒ ·▒
▒········▒▒▒ ▒·▒
▒········'·▒▒▒▒·▒▒▒▒
▒········▒··▒▒·····▒
▒····g···▒▒·▒▒·····▒
▒········▒▒·▒▒·····▒▒▒


You could see a gnoll.


Message History

The gnoll completely misses you.
You scratch the gnoll.
You kill the gnoll!
Trog accepts your kill.
Your Stealth skill increases to level 4!
There is an open door, spattered with blood here.
Things that are here:
a spear; a gnoll corpse You feel less exhausted.
You finish ripping the gnoll corpse into pieces.
o - 4 chunks of gnoll flesh {@*1}
There is an open door, spattered with blood here.
Things that are here:
a gnoll skeleton; a spear Eat one of 4 chunks of gnoll flesh {@*1}? (ye/n/q/i?) This raw flesh tastes great.
You are feeling hungry.
Eat one of 3 chunks of gnoll flesh {@*1}? (ye/n/q/i?) This raw flesh tastes great.
You start resting.
Eating one of 2 chunks of gnoll flesh {@*1}.
This raw flesh tastes great.
Eating a chunk of gnoll flesh {@*1}.
This raw flesh tastes great.
You barely miss the gnoll. You bite the gnoll, but do no damage.
The gnoll completely misses you.
You closely miss the gnoll. The gnoll hits you with a spear!
Ouch! That really hurt!
* * * LOW HITPOINT WARNING * * *
The gnoll hits you from afar with a spear.
You die...

Action                   || total
-------------------------++-------
Melee: Unarmed           ||    78
Invok: Berserk           ||     3
  Use: Scroll            ||     2
 Stab: Sleeping          ||     5

Vault maps used:
D:1:      dpeg_entry_central
D:2:      minmay_misc_feat_nine_boxes, minmay_item_behind_shaft

Notes
Turn   | Place    | Note
--------------------------------------------------------------
     0 | D:1      | MackTheKnife, the Felid Berserker, began the quest for the Orb.
     0 | D:1      | Reached XP level 1. HP: 10/10 MP: 1/1
   103 | D:1      | HP: 1/10 [giant gecko (3)]
   111 | D:1      | Reached skill level 1 in Stealth
   455 | D:1      | Reached XP level 2. HP: 14/14 MP: 2/2
   514 | D:1      | Reached skill level 2 in Stealth
   924 | D:1      | Acquired Trog's second power
  1165 | D:2      | Reached skill level 3 in Stealth
  1170 | D:2      | Reached XP level 3. HP: 18/18 MP: 4/4
  1220 | D:2      | Reached skill level 4 in Stealth
  1256 | D:2      | Slain by a gnoll

Vanquished Creatures
  2 gnolls (D:2)
  An adder (D:2)
  2 giant geckos
  3 bats (D:1)
  3 giant cockroaches
  3 hobgoblins
  4 kobolds
  A giant newt (D:1)
  4 goblins
  7 rats
30 creatures vanquished.
